 Dungeon Crawl Stone Soup version 0.32-a0-17-gb74e046682 (console) character file.

Game seed: 17705856048451306675

116598 FullyGoyle the Severer (level 16, -4/101 HPs)
             Began as a Gargoyle Earth Elementalist on Jan 16, 2024.
             Was the Champion of Okawaru.
             Slain by a golden dragon simulacrum (13 damage)
             ... in an ice cave on Jan 20, 2024.
             The game lasted 02:15:00 (25589 turns).

FullyGoyle the Severer (GrEE)                      Turns: 25589, Time: 02:15:03

Health: -4/101     AC: 32    Str: 16    XL:     16   Next: 71%
Magic:  23/23      EV: 10    Int: 18    God:    Okawaru [******]
Gold:   2569       SH: 17    Dex: 10    Spells: 14/21 levels left

rFire   + . .        b - +0 war axe (flame)
rCold   + + .        i - +0 tower shield
rNeg    + . .        n - +2 plate armour {rC+}
rPois   ∞            h - +2 hat {Will+}
rElec   +            e - scarf {rC+ rF+}
rCorr   +            (no gloves)
SInv    +            f - +0 pair of boots
Will    +++..        O - amulet of regeneration Stlth
                     V - +5 ring of evasion
HPRegen 1.16/turn    S - ring "Ynurchos" {Will+ rCorr Int-2 SInv}
MPRegen 0.18/turn

%: no passive effects
@: flying
A: sickness immunity, AC +12, big wings, negative energy resistance 1,
electricity resistance, torment resistance 1, petrification resistance
a: Renounce Religion, Heroism, Finesse, Duel, Receive Armour


You were in an ice cave.
You worshipped Okawaru.
Okawaru was exalted by your worship.
You visited 4 branches of the dungeon, and saw 23 of its levels.
You also visited: Gauntlet and Ice Cave.

You collected 2786 gold pieces.
You spent 217 gold pieces at shops.

Inventory:

Hand Weapons
 a - a +4 vampiric war axe
 b - a +0 war axe of flaming (weapon)
 s - a +0 war axe of venom
 x - the +9 broad axe of the Hierophant {holy, *Noise Fly rElec Stlth+}
   (Okawaru gifted it to you on level 14 of the Dungeon)

   rElec:     It insulates you from electricity.
   Fly:       It grants you flight.
   *Noise:    It may make a loud noise when swung.
   Stlth+:    It makes you more stealthy.
 C - a +2 war axe of freezing
Missiles
 k - 32 boomerangs
 B - 154 stones
 L - 11 javelins
Armour
 d - a +4 plate armour of fire resistance
 e - a scarf of resistance (worn)
 f - a +0 pair of boots (worn)
 h - a +2 hat of willpower (worn)
 i - a +0 tower shield (worn)
 j - a scarf of repulsion
 n - a +2 plate armour of cold resistance (worn)
Jewellery
 F - a ring of protection from fire
 O - an amulet of regeneration (around neck)
 S - the ring "Ynurchos" (right hand) {Will+ rCorr Int-2 SInv}
   (You found it on level 13 of the Dungeon)

   [ring of resist corrosion]

   Int-2:     It affects your intelligence (-2).
   Will+:     It increases your willpower.
   SInv:      It lets you see invisible.
   rCorr:     It protects you from acid and corrosion.
 V - a +5 ring of evasion (left hand)
Wands
 g - a wand of mindburst (5)
 v - a wand of quicksilver (33)
 A - a wand of flame (13)
 E - a wand of iceblast (16)
Scrolls
 l - 2 scrolls of poison
 m - 7 scrolls of revelation
 o - 3 scrolls of fear
 r - 6 scrolls of identify
 w - 13 scrolls of teleportation
 H - 2 scrolls of fog
 J - 4 scrolls of blinking
 M - a scroll of silence
Potions
 c - a potion of cancellation
 p - a potion of invisibility
 q - 15 potions of curing
 y - 3 potions of berserk rage
 z - 3 potions of haste
 D - 4 potions of ambrosia
 I - 3 potions of heal wounds
 K - 7 potions of magic
 N - 2 potions of enlightenment
 U - a potion of might
 X - 2 potions of resistance


   Skills:
 * Level 11.9 Fighting
 * Level 15.6 Axes
 * Level 11.0 Armour
 * Level 5.9 Dodging
 - Level 2.1 Stealth
 * Level 14.4 Shields
 - Level 3.1 Spellcasting
 - Level 3.1 Conjurations
 - Level 10.4 Earth Magic
 * Level 10.5 Invocations


You had 14 spell levels left.
You knew the following spells:

 Your Spells              Type           Power      Damage    Failure   Level
a - Sandblast             Erth           80%        2d17      22%         1
b - Stone Arrow           Conj/Erth      54%        3d10      97%         3
w - Passwall              Erth           40%        N/A       56%         3

Your spell library contained the following spells:

 Spells                   Type           Power      Damage    Failure   Level
 Freeze                   Ice            8%         1d3       100%        1
 Ensorcelled Hibernation  Hex/Ice        4%         N/A       100%        2
 Mercury Vapours          Alch/Air       4%         N/A       100%        2
 Frozen Ramparts          Ice            4%         1d1       100%        3
 Gell's Gravitas          Tloc           2%         N/A       100%        3
 Inner Flame              Hex/Fire       2%         N/A       100%        3
 Mephitic Cloud           Conj/Alch/Air  6%         N/A       100%        3
 Swiftness                Air            2%         N/A       100%        3
 Teleport Other           Tloc           2%         N/A       100%        3
 Brom's Barrelling Bould  Conj/Erth      27%        2d5       100%        4
 Dispel Undead            Necr           2%         3d7       100%        4
 Leda's Liquefaction      Alch/Erth      10%        N/A       100%        4
 Petrify                  Alch/Erth      21%        N/A       100%        4
 Freezing Cloud           Conj/Ice/Air   3%         6-21      100%        5
 Irradiate                Conj/Alch      4%         3d13      100%        5
 Metabolic Englaciation   Hex/Ice        1%         N/A       100%        5
 Dispersal                Tloc           1%         N/A       100%        6
 Ignition                 Fire           1%         3d3       100%        8
 Summon Small Mammal      Summ           Unusable   N/A       N/A         1
 Cigotuvi's Dreadful Rot  Necr/Alch/Air  Unusable   N/A       N/A         2
 Martyr's Knell           Necr/Summ      Unusable   N/A       N/A         4
 Death Channel            Necr           Unusable   N/A       N/A         6

Dungeon Overview and Level Annotations

Branches:
Dungeon (15/15)            Temple (0/1) D:7            Lair (5/5) D:9
  Swamp (0/4) Lair:2        Snake (1/4) Lair:2        Slime (0/5) Lair:5
    Orc (2/2) D:10            Elf (0/3) Orc:2        Vaults (0/5) D:14
 Depths (0/4) D:15          IceCv (1/1)             Gauntlet (visited)

Altars:
Ashenzari
Cheibriados
Elyvilon
Fedhas
Gozag
Kikubaaqudgha
Makhleb
Nemelex Xobeh
Okawaru
Sif Muna
Trog
Uskayaw
Xom
The Shining One
Jiyva

Shops:
D:5 :   Orc:1 (   Orc:2 =?(!

Portals:
Pandemonium: Orc:2
Trove: D:10 (give 14 potions of heal wounds)

Annotations:
D:3 exclusions: door and 1 more exclusion, Sigmund


Innate Abilities, Weirdness & Mutations

You are immune to sickness and miasma.
Your stone body is resilient. (AC +12)
You are immune to poison.
Your large and strong wings let you fly.
You resist negative energy. (rN+)
You are resistant to electric shocks. (rElec)
You are resistant to unholy torment.
You are immune to petrification.


Message History

You slash the golden dragon simulacrum!
You melt the golden dragon simulacrum.
The golden dragon simulacrum bites you.
The golden dragon simulacrum freezes you!
You resist.
You block the golden dragon simulacrum's attack.
The golden dragon simulacrum tramples you but does no damage.
The storm dragon simulacrum closely misses you.
The storm dragon simulacrum claws you.
The storm dragon simulacrum freezes you!
You resist.
The storm dragon simulacrum tramples you!
You are shoved backwards!
You hit the storm dragon simulacrum.
You melt the storm dragon simulacrum.
The storm dragon simulacrum is severely damaged.
You block the storm dragon simulacrum's attack. x3
You hit the storm dragon simulacrum but do no damage.
The storm dragon simulacrum is severely damaged.
You hit the golden dragon simulacrum but do no damage.
You block the storm dragon simulacrum's attack. x3
You slash the storm dragon simulacrum!
You melt the storm dragon simulacrum.
The storm dragon simulacrum is almost destroyed.
You hit the golden dragon simulacrum but do no damage.
You block the golden dragon simulacrum's attack.
The golden dragon simulacrum closely misses you.
The golden dragon simulacrum barely misses you.
You block the storm dragon simulacrum's attack.
The storm dragon simulacrum claws you!
The storm dragon simulacrum freezes you!
You resist.
* * * LOW HITPOINT WARNING * * *
The storm dragon simulacrum tramples you but does no damage.
Unknown command.
You hit the storm dragon simulacrum but do no damage.
The storm dragon simulacrum is almost destroyed.
You completely miss the golden dragon simulacrum.
The golden dragon simulacrum bites you!
* * * LOW HITPOINT WARNING * * *
The golden dragon simulacrum freezes you!
You resist.
You die...

#####
##...##
##..∩..##
#...@...#
#...ZZ..#
##.....##
##...##
#...#
...##
#...#
##...
##..


You could see a storm dragon simulacrum and a golden dragon simulacrum.

Vanquished Creatures
  A fire giant (D:15)
  An orc warlord (Orc:2)
  A reaper (Gauntlet)
  A minotaur (Gauntlet)
  A yaktaur captain (D:14)
  An ice dragon (Lair:5)
  6 hydras
  2 ogre magi
  8 centaur warriors
  13 two-headed ogres
  Erica (D:8)
  A dancing weapon (Orc:1)
  A catoblepas (D:15)
  A demonspawn (Orc:2)
  5 boulder beetles
  6 orc high priests (Orc:2)
  A hell hog (Lair:5)
  2 tengu warriors (D:14)
  A soul eater (Orc:2)
  A shock serpent (Snake:1)
  2 skysharks
  An arcanist (D:13)
  5 lindwurms
  A harpy (shapeshifter) (D:15)
  A harpy (D:14)
  5 orc knights (Orc:2)
  4 deep elf pyromancers
  9 ugly things (D:15)
  8 cyclopes
  7 orc sorcerers
  A manticore (D:15)
  Joseph (D:7)
  19 elephants
  6 meliai (D:13)
  4 black mambas
  3 kobold blastminers
  A gargoyle (D:14)
  11 cane toads
  5 torpor snails (Lair:5)
  2 unseen horrors
  Maggie (D:8)
  3 rime drakes
  3 kobold demonologists
  5 komodo dragons
  A tengu conjurer (D:15)
  11 trolls
  3 tyrant leeches (Lair:5)
  A hellwing (Gauntlet)
  10 hornets
  12 polar bears
  A queen bee (D:13)
  A tarantella (Lair:4)
  18 blink frogs
  4 dream sheep (Lair:4)
  A raiju (Lair:5)
  A jumping spider (Lair:4)
  8 slime creatures
  A centaur simulacrum (D:14)
  4 wraiths
  A ynoxinul (D:10)
  2 shadows
  A yak (shapeshifter) (D:14)
  65 yaks
  2 basilisks
  3 wyverns
  A hog (shapeshifter) (D:13)
  9 wargs
  5 steam dragons
  Menkaure (D:7)
  4 redbacks (Lair:4)
  A naga (Snake:1)
  14 hell hounds (Lair:5)
  12 water moccasins
  Duvessa (D:7)
  37 orc warriors
  3 ice beasts
  4 sky beasts
  15 black bears
  A wolf (shapeshifter) (D:13)
  7 laughing skulls
  7 ogres
  30 wolves
  11 centaurs
  3 phantoms
  2 kobold brigands
  11 bullfrogs
  A gnoll sergeant (D:9)
  2 scorpions
  3 troll zombies (D:10)
  3 wights (D:7)
  Dowan (D:7)
  A lindwurm simulacrum (IceCv)
  16 killer bees (D:13)
  An electric eel (Lair:2)
  6 howler monkeys
  4 lava snakes (Lair:4)
  A hound (D:4)
  A bombardier beetle (D:6)
  4 jellies
  31 orc priests
  2 gnoll boudas
  An iguana (D:5)
  23 orc wizards
  5 ogre zombies (D:10)
  10 gnolls
  7 adders
  2 shadow imps (Gauntlet)
  2 white imps
  2 ufetubi (D:5)
  4 dart slugs
  91 orcs
  9 endoplasms
  2 giant cockroaches (D:1)
  6 gnoll zombies (D:10)
  5 goblins
  6 hobgoblins
  3 jackals (D:1)
  A quokka (D:2)
  6 ball pythons
  5 bats
  5 frilled lizards
  3 gnoll skeletons (D:10)
  10 kobolds
  4 orc skeletons (D:10)
  12 orc zombies (D:10)
  3 rats
797 creatures vanquished.

Vanquished Creatures (others)
  A two-headed ogre (D:15)
  A centaur (D:13)
2 creatures vanquished.

Grand Total: 799 creatures vanquished

Notes
Turn   | Place    | Note
-------+----------+-------------------------------------------
     0 | D:1      | FullyGoyle the Gargoyle Earth Elementalist began the quest
                  | for the Orb.
     0 | D:1      | Reached XP level 1. HP: 10/10 MP: 3/3
   288 | D:1      | Reached XP level 2. HP: 15/15 MP: 0/5
   352 | D:1      | Found a faded altar of an unknown god.
   689 | D:1      | Reached XP level 3. HP: 19/19 MP: 4/6
  1289 | D:2      | Reached skill level 5 in Earth Magic
  1311 | D:2      | Reached XP level 4. HP: 24/24 MP: 4/7
  1881 | D:2      | Learned a level 3 spell: Stone Arrow
  2058 | D:3      | Identified the +2 ring mail of the Saviour {rPois rC+ Str+4
                  | Dex+2}
  2166 | D:3      | Noticed Sigmund
  2201 | D:3      | Found a blossoming altar of Fedhas.
  2203 | D:3      | Found an ancient bone altar of Kikubaaqudgha.
  2826 | D:4      | Reached XP level 5. HP: 28/28 MP: 6/8
  2830 | D:4      | Learned a level 3 spell: Passwall
  2843 | D:4      | Noticed a black bear
  3056 | D:4      | Killed a black bear
  3057 | D:4      | Reached XP level 6. HP: 10/32 MP: 1/9
  3157 | D:4      | Identified the +6 plate armour of Qemuu {-Cast rF- rN+
                  | Str+6}
  3346 | D:4      | Noticed a black bear
  3353 | D:4      | Killed a black bear
  3433 | D:4      | Found a shimmering altar of Xom.
  3434 | D:4      | Found a broken altar of Ashenzari.
  3445 | D:4      | Found an iron altar of Okawaru.
  3458 | D:4      | Found a burning altar of Makhleb.
  3461 | D:4      | Found a snail-covered altar of Cheibriados.
  3616 | D:5      | Entered Level 5 of the Dungeon
  3928 | D:5      | Noticed an ice beast
  3931 | D:5      | Killed an ice beast
  3932 | D:5      | Reached XP level 7. HP: 37/37 MP: 6/10
  4016 | D:5      | Found Zoushraa's Vocational Training.
  4216 | D:5      | Found a burning altar of Makhleb.
  4216 | D:5      | Noticed a two-headed ogre
  4250 | D:5      | Found a glowing golden altar of the Shining One.
  4579 | D:5      | Reached skill level 10 in Earth Magic
  4650 | D:6      | Reached XP level 8. HP: 39/42 MP: 9/11
  4924 | D:4      | Became a worshipper of Warmaster Okawaru
  5258 | D:6      | Reached skill level 1 in Fighting
  5258 | D:6      | Reached skill level 1 in Axes
  5258 | D:6      | Reached skill level 1 in Armour
  5258 | D:6      | Reached skill level 1 in Invocations
  5730 | D:6      | Reached skill level 2 in Axes
  6359 | D:7      | Reached * piety under Okawaru
  6445 | D:7      | Noticed Menkaure
  6460 | D:7      | Reached XP level 9. HP: 32/49 MP: 11/13
  6462 | D:7      | Killed Menkaure
  6463 | D:7      | Reached skill level 3 in Axes
  6568 | D:7      | Noticed Dowan
  6604 | D:7      | Killed Dowan
  6785 | D:7      | Reached skill level 4 in Axes
  6804 | D:7      | Noticed Joseph
  6845 | D:7      | Killed Joseph
  6846 | D:7      | Reached skill level 5 in Axes
  7112 | D:7      | Found a staircase to the Ecumenical Temple.
  7328 | D:7      | Noticed Duvessa
  7347 | D:7      | Killed Duvessa
  7605 | D:7      | Found a staircase to the Ecumenical Temple.
  7988 | D:8      | Noticed Erica
  7999 | D:7      | Reached ** piety under Okawaru
  8118 | D:8      | Reached skill level 6 in Axes
  8118 | D:8      | Reached skill level 1 in Shields
  8118 | D:8      | Reached XP level 10. HP: 50/56 MP: 14/14
  8194 | D:8      | Found a sparkling altar of Nemelex Xobeh.
  8224 | D:8      | Noticed Maggie
  8241 | D:8      | Killed Maggie
  8242 | D:8      | Reached skill level 5 in Armour
  8377 | D:8      | Killed Erica
  8378 | D:8      | Reached skill level 7 in Axes
  8728 | D:9      | Found a white marble altar of Elyvilon.
  8795 | D:9      | Found a hide-covered altar of Uskayaw.
  8841 | D:9      | Noticed a two-headed ogre
  8849 | D:9      | Killed a two-headed ogre
  8850 | D:9      | Reached skill level 5 in Invocations
  8916 | D:9      | Reached skill level 5 in Fighting
  8994 | D:9      | Reached *** piety under Okawaru
  9097 | D:9      | Reached skill level 8 in Axes
  9105 | D:9      | Reached XP level 11. HP: 54/64 MP: 13/15
  9155 | D:9      | Found a staircase to the Lair.
  9168 | D:9      | Reached **** piety under Okawaru
  9169 | D:9      | Reached skill level 5 in Shields
  9326 | D:9      | Found an opulent altar of Gozag.
  9702 | D:10     | Entered Level 10 of the Dungeon
  9768 | Lair:1   | Entered Level 1 of the Lair of Beasts
  9977 | Lair:1   | Noticed a boulder beetle
  9991 | Lair:1   | Killed a boulder beetle
  9992 | Lair:1   | Reached skill level 9 in Axes
 10539 | Lair:1   | Reached ***** piety under Okawaru
 10706 | Lair:2   | Reached XP level 12. HP: 71/71 MP: 8/16
 10712 | Lair:2   | Reached skill level 10 in Axes
 10773 | Lair:2   | Found a staircase to the Snake Pit.
 10865 | Lair:2   | Found a staircase to the Swamp.
 11880 | Lair:3   | Received a gift from Okawaru
 12026 | Lair:3   | Reached skill level 11 in Axes
 12168 | Lair:3   | Received a gift from Okawaru
 12243 | Lair:3   | Reached XP level 13. HP: 78/78 MP: 18/18
 12861 | Lair:4   | Received a gift from Okawaru
 12976 | Lair:4   | Found a runed translucent door.
 13600 | Lair:4   | Found a runed translucent gate.
 13600 | Lair:4   | Identified the +7 whip of Waizinweezxo {freeze, rCorr Str-2
                  | Int+4}
 13616 | Lair:4   | Found a runed translucent gate.
 13617 | Lair:4   | Found a runed translucent gate.
 13617 | Lair:4   | Found a runed translucent gate.
 13617 | Lair:4   | Found a runed translucent gate.
 13626 | Lair:4   | Found a runed translucent gate.
 13654 | Lair:4   | Reached skill level 12 in Axes
 13877 | Lair:5   | Entered Level 5 of the Lair of Beasts
 13994 | Lair:5   | Reached skill level 10 in Shields
 14347 | Lair:5   | Received a gift from Okawaru
 14523 | Lair:5   | Gained mutation: Your large and strong wings let you fly.
                  | [Gargoyle growth]
 14523 | Lair:5   | Reached XP level 14. HP: 86/86 MP: 20/20
 14577 | Lair:5   | Found a staircase to the Slime Pits.
 14580 | Lair:5   | Found a viscous altar of Jiyva.
 15025 | Lair:5   | Received a gift from Okawaru
 15355 | Lair:5   | Reached skill level 13 in Axes
 15640 | Lair:5   | Received a gift from Okawaru
 16506 | D:10     | Reached skill level 10 in Fighting
 16515 | D:10     | Found a bloodstained altar of Trog.
 16545 | D:10     | Found a shimmering blue altar of Sif Muna.
 16655 | D:10     | Got Sif Muna's Exposition on the Polar Familiar
 16833 | D:10     | Found a portal to a secret trove of treasure.
 16856 | D:10     | Found a staircase to the Orcish Mines.
 18296 | D:12     | Reached XP level 15. HP: 92/92 MP: 21/21
 18878 | Orc:1    | Entered Level 1 of the Orcish Mines
 18885 | Orc:1    | Received a gift from Okawaru
 18918 | Orc:1    | Reached skill level 14 in Axes
 19006 | Orc:2    | Entered Level 2 of the Orcish Mines
 19053 | Orc:2    | Noticed an orc warlord
 19109 | Orc:2    | Killed an orc warlord
 19136 | Orc:2    | Found a staircase to the Elven Halls.
 19226 | Orc:2    | Found a gate leading to a gauntlet.
 19234 | Gauntlet | Entered a Gauntlet
 19234 | Gauntlet | Found a transporter.
 19234 | Gauntlet | Found a transporter.
 19238 | Gauntlet | Found a transporter.
 19238 | Gauntlet | Found a transporter.
 19257 | Gauntlet | Found a transporter.
 19262 | Gauntlet | Found a transporter.
 19284 | Gauntlet | Found a transporter.
 19295 | Gauntlet | Found a transporter.
 19314 | Gauntlet | Found a transporter.
 19386 | Gauntlet | Found a transporter.
 19401 | Gauntlet | Found a transporter.
 19418 | Gauntlet | Found a transporter.
 19431 | Gauntlet | Found a transporter.
 19528 | Gauntlet | Found a transporter.
 19529 | Gauntlet | Found a transporter.
 19532 | Gauntlet | Found a transporter.
 19638 | Gauntlet | Identified the staff "Gilosatt" {rPois Int+2 Alchemy}
 19745 | Gauntlet | Reached skill level 10 in Armour
 20228 | Orc:1    | Found Siepp's Antique Weapon Boutique.
 20555 | Orc:2    | Found an iron altar of Okawaru.
 20832 | Orc:1    | Identified the blade talisman "Bebyirph" {rF+ Will+}
 21150 | Orc:2    | Found Ylouram's Magic Scroll Shop.
 21151 | Orc:2    | Found Femuudodi's Distillery.
 21477 | Orc:2    | Reached skill level 5 in Dodging
 21482 | Orc:2    | Paralysed by an orc sorcerer for 4 turns
 21505 | Orc:2    | Received a gift from Okawaru
 21642 | Orc:2    | Found Jidoc's Antique Weapon Shoppe.
 21642 | Orc:2    | Found Kovaxire's Jewellery Emporium.
 21643 | Orc:2    | Found a one-way gate leading to the halls of Pandemonium.
 21649 | Orc:2    | Bought a runed broad axe for 217 gold pieces
 21892 | D:13     | Identified the ring "Ynurchos" {Will+ rCorr Int-2 SInv}
 22409 | D:13     | Reached skill level 10 in Invocations
 22451 | D:13     | Reached XP level 16. HP: 100/100 MP: 23/23
 22460 | D:13     | Reached skill level 15 in Axes
 22678 | D:13     | Identified the +7 scimitar "Efraguuf" {heavy, *Slow Str+4
                  | Dex+5}
 23011 | D:14     | Received a gift from Okawaru
 23183 | D:14     | Found a bloodstained altar of Trog.
 23230 | D:14     | Found a gate to the Vaults.
 23787 | D:14     | Reached ****** piety under Okawaru
 23787 | D:14     | Received a gift from Okawaru
 24118 | D:15     | Entered Level 15 of the Dungeon
 24484 | D:15     | Found a staircase to the Depths.
 24966 | D:15     | Acquired the +9 broad axe of the Hierophant {holy, *Noise
                  | Fly rElec Stlth+}
 24966 | D:15     | Received a gift from Okawaru
 25354 | Snake:1  | Entered Level 1 of the Snake Pit
 25413 | Snake:1  | Found a burning altar of Makhleb.
 25558 | Snake:1  | Found a glacial archway.
 25575 | IceCv    | Entered an ice cave
 25589 | IceCv    | Slain by a golden dragon simulacrum

Illustrated notes

Levels and vault maps discovered:
D:1:      dpeg_arrival_fog, layout_basic, shapermc_ecumenical_altar_mp_vishouse,
          minmay_misc_feat_doors
D:2:      layout_loops_ring
D:3:      layout_basic, grunt_temple_overflow_growth_and_decay, uniq_sigmund
D:4:      layout_cave_pools, minmay_overflow_temple_star_hex, minmay_hedge_maze
D:5:      layout_basic, hangedman_feature_mirror, nicolae_shop_vocational
D:6:      cheibrodos_steamvent, layout_layer_cave, kennysheep_dice
D:7:      layout_basic, temple_doors_e, uniq_joseph, uniq_menkaure, uniq_duvessa
D:8:      layout_cave_pools, nemelex_spade_bored_becter, uniq_erica, uniq_maggie
D:9:      layout_roguey, nicolae_gozag_seed_capital, old_standard_altar,
          mainiacjoe_overflow_surrounded_room, due_lair_maze_entry_diamond
D:10:     layout_roguey [special_room_orc],
          nzn_overflow_gifts_of_might_and_magic, zombieorc2_lemuel,
          nicolae_trove_entry_isolated, hangedman_misty_isle
D:11:     layout_small_grid
D:12:     layout_rooms, serial_aquarium, aquarium_bridge_square
          [aquarium_subvault_balcony, aquarium_subvault_bridge,
          aquarium_subvault_window, aquarium_subvault_bridge],
          aquarium_window_fake, aquarium_window_1, aquarium_window_fake,
          aquarium_window_fake, aquarium_view_2b, aquarium_view_2c,
          aquarium_balcony_double_2
D:13:     layout_small_grid, special_room [special_room_bee]
D:14:     wad_statue_garden, layout_cave_pools,
          hellmonk_vaults_attempted_burglary, bloody_trog
D:15:     grunt_enter_depths_giant_problem, layout_small_grid,
          serial_park_square1 [serial_park_minivault_5x5_2], serial_rivers,
          chequers_serial_rivers_large_b, chequers_serial_rivers_room_b,
          chequers_serial_rivers_large_a, chequers_serial_rivers_marsh,
          chequers_serial_rivers_small_3, chequers_serial_rivers_marsh
Lair:1:   layout_regular_city
Lair:2:   layout_roguey, swamp_mist_pool, dummy_snake_entry
Lair:3:   layout_hall_layers, grunt_megastairs_2, infiniplex_staircase_pool_2
Lair:4:   gammafunk_indiana_jones, layout_regular_city
Lair:5:   wormcave, layout_small_grid, hangedman_lair_caniforms_friends,
          nicolae_slime_entry_slimehenge
Snake:1:  layout_gridlike, portal_ice_cave_entry_pillars_four, basic_altar,
          uniq_roxanne
Orc:1:    layout_caves, serial_shops, shop, hellmonk_talismancer
Orc:2:    pf_orc_diabolical, layout_caves, gauntlet_entry_generic,
          okawaru_metal_pillars_1_2
IceCv:    ice_cave_small_dragons

Skill      XL: |  1  2  3  4  5  6  7  8  9 10 11 12 13 14 15 16 |
---------------+-------------------------------------------------+-----
Earth Magic    | 4 5 6 7 8 10 | 10.4
Conjurations   | 2 3 |  3.1
Spellcasting   | 3 |  3.1
Fighting       | 2 4 5 6 8 9 10 11 | 11.9
Axes           | 2 6 8 9 11 12 13 14 15 | 15.6
Armour         | 3 4 6 7 9 10 11 | 11.0
Dodging        | 2 3 4 5 |  5.9
Invocations    | 3 4 5 6 7 8 9 10 | 10.5
Shields        | 1 4 7 8 10 12 13 14 | 14.4
Stealth        | |  2.1

Action                     |  1- 3 |  4- 6 |  7- 9 | 10-12 | 13-15 | 16-18 || total
---------------------------+-------+-------+-------+-------+-------+-------++-------
  Melee: Unarmed           |     2 |       |       |       |       |       ||     2
         Quarterstaff      |     8 |     3 |     3 |       |       |       ||    14
         War axe           |       |       |   183 |   560 |  2377 |   672 ||  3792
         Punch             |       |       |     1 |       |       |       ||     1
         Spear             |       |       |       |       |    35 |       ||    35
         Whip              |       |       |       |       |     8 |       ||     8
   Cast: Sandblast         |    37 |    46 |    33 |     2 |       |       ||   118
         Stone Arrow       |       |     4 |     4 |       |       |       ||     8
 Invoke: Heroism           |       |       |     6 |    12 |    17 |       ||    35
         Finesse           |       |       |       |     2 |     7 |       ||     9
         Receive Weapon    |       |       |       |       |       |     1 ||     1
  Evoke: Wand              |       |     1 |       |     3 |       |       ||     4
    Use: Scroll            |       |       |     7 |     9 |    13 |     4 ||    33
   Stab: Distracted        |       |       |       |     1 |       |       ||     1
 Armour: Robe              |    15 |    13 |    11 |       |       |       ||    39
         Chain mail        |       |       |   222 |   464 |  1163 |       ||  1849
         Ring mail         |       |       |     7 |       |       |       ||     7
         Plate armour      |       |       |       |       |   344 |   453 ||   797
  Dodge: Dodged            |     9 |     9 |    72 |   152 |   811 |   194 ||  1247
         Repelled          |       |       |       |       |     6 |     7 ||    13
  Block: Tower shield      |       |       |    36 |   496 |  2415 |   683 ||  3630

Table legend: (Time is in decaauts)
 A = Elapsed time spent in this place.
 B = Non-inter-level travel time spent in this place.
 C = Inter-level travel time spent in this place.
 D = Time resting spent in this place.
 E = Time spent auto-exploring this place.
 F = Levels seen in this place.
 G = Mean time per level.
                   A        B        C        D        E       F      G
               +--------+--------+--------+--------+--------+-----+--------+
         Total |  25965 |  22879 |   3086 |   1679 |  11911 |  25 | 1038.6 |
       Dungeon |  16305 |  14047 |   2258 |   1509 |   8023 |  15 | 1087.0 |
          Lair |   6760 |   6150 |    610 |     56 |   3386 |   5 | 1352.0 |
     Snake Pit |    217 |    190 |     27 |      0 |      0 |   1 |  217.0 |
  Orcish Mines |   2009 |   1818 |    191 |     79 |    355 |   2 | 1004.5 |
      Ice Cave |     12 |     12 |      0 |      0 |      0 |   1 |   12.0 |
      Gauntlet |    660 |    660 |      0 |     35 |    147 |   1 |  660.0 |
               +--------+--------+--------+--------+--------+-----+--------+

Top non-repeatable levels by time:
  Lair:5: 2390 daAuts
     D:6: 1695 daAuts
     D:7: 1649 daAuts
    D:10: 1438 daAuts
     D:9: 1430 daAuts
   Orc:2: 1370 daAuts
  Lair:4: 1292 daAuts
  Lair:3: 1163 daAuts
     D:1: 1123 daAuts
    D:13: 1109 daAuts
    D:15: 1063 daAuts
  Lair:1: 1036 daAuts
     D:4: 1021 daAuts
    D:14: 980 daAuts
     D:5: 927 daAuts
